 Dungeon Crawl Stone Soup version 0.28-a0-828-g0121872642 (webtiles) character file.

Game seed: 8507574139120160242

1517 gimp the Chopper (level 9, -2/72 HPs)
             Began as a Formicid Wanderer on Nov 10, 2021.
             Was a Believer of Okawaru.
             Slain by a wyvern (5 damage)
             ... on level 7 of the Dungeon.
             The game lasted 00:11:23 (8364 turns).

gimp the Chopper (Formicid Wanderer)                Turns: 8364, Time: 00:11:24

Health: -2/72      AC: 12    Str: 17 (20) XL:     9   Next: 9%
Magic:  12/12      EV:  7    Int:  9 (12) God:    Okawaru [**....]
Gold:   534        SH:  0    Dex: 13 (16) Spells: 8/8 levels left

rFire   . . .      SeeInvis +   a - +2 hand axe
rCold   . . .      Faith    .   (no shield)
rNeg    . . .      Spirit   .   r - +0 chain mail
rPois   .          Reflect  .   (helmet unavailable)
rElec   .          Harm     .   e - +0 cloak
rCorr   .          Rampage  .   (no gloves)
Will    .....                   w - +0 pair of boots
Stlth   ..........              (no amulet)
HPRegen 0.22/turn               n - ring of flight
MPRegen 0.13/turn               x - +6 ring of dexterity

@: flying
A: permanent stasis, dig shafts and tunnels, antennae 3, four strong arms
a: Dig, Shaft Self, Renounce Religion, Heroism


You were on level 7 of the Dungeon.
You worshipped Okawaru.
Okawaru was pleased with you.
You visited 2 branches of the dungeon, and saw 8 of its levels.
You also visited: Ossuary.

You collected 534 gold pieces.

Inventory:

Hand Weapons
 a - a +2 hand axe (weapon)
 p - a +0 war axe
Missiles
 g - 64 poisoned darts (quivered)
Armour
 e - a +0 cloak (worn)
 r - a +0 chain mail (worn)
 w - a +0 pair of boots (worn)
Jewellery
 n - a ring of flight (left hand)
 x - a +6 ring of dexterity (right hand)
Wands
 v - a wand of paralysis (8)
 z - a wand of acid (5)
Scrolls
 j - a scroll of identify
 k - 2 scrolls of enchant weapon
 q - a scroll of silence
 u - a scroll of fog
 y - a scroll of magic mapping {unknown}
 A - a scroll of vulnerability {unknown}
Potions
 b - a potion of lignification
 d - a potion of ambrosia {unknown}
 f - a potion of haste {unknown}
 h - a potion of berserk rage {unknown}
 i - a potion of attraction {unknown}
 l - 2 potions of heal wounds {unknown}
 m - a potion of degeneration
 o - a potion of magic {unknown}
 s - a potion of brilliance {unknown}
 t - a potion of cancellation {unknown}


   Skills:
 - Level 7.0 Fighting
 * Level 7.3 Axes
 + Level 5.8 Armour
 - Level 2.4 Shields
 + Level 4.4 Invocations


You had 8 spell levels left.
You didn't know any spells.
Your spell library contained the following spells:

 Spells                   Type           Power      Damage    Failure   Level
 Pain                     Necr           0%         1d4       99%         1
 Passwall                 Tmut/Erth      0%         N/A       100%        2
 Conjure Flame            Conj/Fire      0%         6-21      100%        3
 Ignite Poison            Fire/Tmut/Pois 0%         N/A       100%        3
 Sticky Flame             Conj/Fire      0%         2d3       100%        4
 Agony                    Necr           0%         N/A       100%        5
 Excruciating Wounds      Necr           0%         N/A       100%        5
 Swiftness                Air            Unusable   N/A       N/A         3

Dungeon Overview and Level Annotations

Branches:
Dungeon (7/15)             Temple (1/1) D:5         Ossuary (visited)

Altars:
Cheibriados
Elyvilon
Gozag
Hepliaklqana
Kikubaaqudgha
Makhleb
Nemelex Xobeh
Okawaru
Qazlal
Trog
Vehumet
Xom
Yredelemnul
Zin
The Shining One


Innate Abilities, Weirdness & Mutations

You cannot be hasted, slowed, berserked, paralysed or teleported.
You can dig through walls and to a lower floor.
You have a pair of large antennae on your head. (SInv)
Your four strong arms can wield two-handed weapons with a shield.


Message History

You closely miss the wyvern.
The wyvern is heavily wounded.
The wyvern bites you but does no damage.
The wyvern bites you.
* * * LOW HITPOINT WARNING * * *
You take 6 damage, and have 18/72 hp.
You hit the wyvern.
The wyvern is heavily wounded.
The wyvern bites you but does no damage.
You hit the wyvern.
The wyvern is severely wounded.
The wyvern bites you.
* * * LOW HITPOINT WARNING * * *
You take 2 damage, and have 16/72 hp.
You hit the wyvern.
The wyvern is almost dead.
The wyvern closely misses you. The wyvern bites you!
* * * LOW HITPOINT WARNING * * *
You take 12 damage, and have 4/72 hp.
You feel better. The wyvern bites you.
* * * LOW HITPOINT WARNING * * *
You feel better. The wyvern bites you.
* * * LOW HITPOINT WARNING * * *
The wyvern closely misses you.
You take 1 damage, and have 3/72 hp.
It was a potion of degeneration.
There was something very wrong with that liquid.
You feel weakened.
You feel dopey.
You feel clumsy.
The ogre shouts!
The wyvern bites you.
* * * LOW HITPOINT WARNING * * *
You take 1 damage, and have 2/72 hp.
Okay, then.
You closely miss the wyvern.
The wyvern is almost dead.
The wyvern closely misses you.
You hit the wyvern.
The wyvern is almost dead.
The wyvern bites you.
You die...

.. #..###### ## #.#.....##.#
##..........# .. .###.
#........# #..
.....##........####...
......#...............
........................#
#.....@l..............# .
###...##............... ...
###.###..........[....
.....##...#.#...............
......O†).....##.##.........
......#.##..####.##.........
###.. #.##...###.......<....
#. ..###.###............. #
.... .# #.............


You could see a wyvern and an ogre.

Vanquished Creatures
  A hornet zombie (D:5)
  A sky beast (D:4)
  A black bear (D:6)
  A necrophage (D:6)
  A kobold brigand (D:7)
  A scorpion (D:6)
  2 wyvern skeletons
  A water moccasin skeleton (D:6)
  4 howler monkeys
  A jelly (D:6)
  A centaur zombie (Ossuary)
  4 hounds
  A human zombie (Ossuary)
  A centaur skeleton (D:5)
  Jessica (D:3)
  4 bullfrog skeletons
  3 iguanas
  An orc wizard (D:5)
  A killer bee zombie (D:7)
  A hound skeleton (D:4)
  3 mummies
  3 gnolls (D:2)
  4 adders
  A shadow imp (D:5)
  An ufetubus (D:5)
  A worm (D:2)
  An adder skeleton (D:4)
  3 dart slugs
  14 orcs
  5 endoplasms
  3 giant cockroaches
  6 goblins
  7 hobgoblins
  3 jackals (D:3)
  A quokka (D:1)
  3 ball pythons
  2 bats
  2 frilled lizards
  2 gnoll zombies (Ossuary)
  7 goblin zombies
  2 hobgoblin zombies (Ossuary)
  5 kobolds
  3 orc zombies
  4 rats
118 creatures vanquished.

Vanquished Creatures (others)
  A fungus (D:3)
1 creature vanquished.

Grand Total: 119 creatures vanquished

Notes
Turn   | Place    | Note
-------+----------+-------------------------------------------
     0 | D:1      | gimp the Formicid Wanderer began the quest for the Orb.
     0 | D:1      | gimp set off with the following items: a +2 hand axe, a
                  | potion of lignification, a potion of curing, a +0 robe
     0 | D:1      | Reached XP level 1. HP: 20/20 MP: 1/1
   197 | D:1      | Reached XP level 2. HP: 24/26 MP: 2/2
   561 | D:2      | Reached XP level 3. HP: 27/31 MP: 3/3
  1075 | D:2      | Reached XP level 4. HP: 19/38 MP: 4/4
  1744 | D:1      | Reached skill level 5 in Fighting
  1959 | D:3      | Reached XP level 5. HP: 30/44 MP: 5/5
  2745 | D:3      | Noticed Jessica
  2751 | D:3      | Killed Jessica
  2904 | D:3      | Found a faded altar of an unknown god.
  2934 | D:4      | Reached XP level 6. HP: 49/51 MP: 6/6
  3101 | D:4      | Found a white marble altar of Elyvilon.
  3715 | D:4      | Noticed an ogre
  3819 | D:5      | Entered Level 5 of the Dungeon
  3819 | D:5      | Found a staircase to the Ecumenical Temple.
  3830 | Temple   | Entered the Ecumenical Temple
  4244 | Temple   | Became a worshipper of Warmaster Okawaru
  4467 | D:5      | Noticed a sky beast
  4495 | D:5      | Reached skill level 5 in Axes
  4495 | D:5      | Reached XP level 7. HP: 25/57 MP: 7/7
  4680 | D:4      | Reached skill level 1 in Invocations
  5023 | D:5      | Found an opulent altar of Gozag.
  5670 | D:5      | Reached * piety under Okawaru
  5964 | D:5      | Found a basalt altar of Yredelemnul.
  6082 | D:5      | Identified the +10 short sword of Feral Forgiveness {speed,
                  | Int+3}
  6161 | D:5      | Found a snail-covered altar of Cheibriados.
  6435 | D:6      | Reached XP level 8. HP: 27/64 MP: 9/9
  6671 | D:6      | Found a sand-covered staircase.
  6809 | Ossuary  | Entered an ossuary
  6959 | Ossuary  | Reached skill level 5 in Armour
  7416 | D:6      | Reached ** piety under Okawaru
  8322 | D:7      | Reached XP level 9. HP: 69/71 MP: 12/12
  8361 | D:7      | HP: 3/72 [wyvern (6)]
  8364 | D:7      | Slain by a wyvern

Illustrated notes

Levels and vault maps discovered:
D:1:      co_arrival_square_in_a_square_in_a_square, layout_rooms
D:2:      layout_rooms
D:3:      layout_basic, shapermc_ecumenical_altar_petra,
          kennysheep_generic_room_4, uniq_jessica
D:4:      layout_cave_pools, nicolae_elyvilon_peaceful_grove,
          roderic_st_hans_cross
D:5:      layout_layer_cave, kennysheep_little_box,
          mainiacjoe_overflow_tiny_flanked, lemuel_round_altar,
          minmay_temple_entry_large_hall
D:6:      layout_basic, nicolae_ossuary_entry_giza, kennysheep_minor_cross
D:7:      layout_cave_pools, mainiacjoe_overflow_catwalk,
          minmay_misc_feat_pillars, lightli_corner_chamber
Temple:   minmay_temple_curvy_loop

Skill      XL: |  1  2  3  4  5  6  7  8  9 |
---------------+----------------------------+-----
Axes           | 3 4 5 6 7 |  7.3
Fighting       | 5 6 7 |  7.0
Armour         | 3 4 5 |  5.8
Invocations    | 2 4 |  4.4
Shields        | |  2.4

Action                   |  1- 3 |  4- 6 |  7- 9 || total
-------------------------+-------+-------+-------++-------
Melee: Hand axe          |    64 |   161 |   301 ||   526
Throw: Dart              |       |     2 |     1 ||     3
 Abil: Dig               |       |     3 |       ||     3
Evoke: Wand              |       |       |     4 ||     4
  Use: Scroll            |       |       |     6 ||     6
       Potion            |       |       |     3 ||     3
 Stab: Paralysed         |       |       |     2 ||     2
Armor: Ring mail         |    23 |    30 |       ||    53
       Chain mail        |       |    49 |   190 ||   239
Dodge: Dodged            |    27 |    69 |   130 ||   226

Table legend: (Time is in decaauts)
 A = Elapsed time spent in this place.
 B = Non-inter-level travel time spent in this place.
 C = Inter-level travel time spent in this place.
 D = Time resting spent in this place.
 E = Time spent auto-exploring this place.
 F = Levels seen in this place.
 G = Mean time per level.
                   A        B        C        D        E       F      G
               +--------+--------+--------+--------+--------+-----+--------+
         Total |   8394 |   8033 |    361 |    520 |   5806 |   9 |  932.7 |
       Dungeon |   7696 |   7399 |    297 |    520 |   5288 |   7 | 1099.4 |
        Temple |    444 |    380 |     64 |      0 |    365 |   1 |  444.0 |
       Ossuary |    253 |    253 |      0 |      0 |    153 |   1 |  253.0 |
               +--------+--------+--------+--------+--------+-----+--------+

Top non-repeatable levels by time:
     D:5: 1826 daAuts
     D:6: 1488 daAuts
     D:3: 1168 daAuts
     D:4: 1149 daAuts
     D:2: 1074 daAuts
     D:1: 809 daAuts
  Temple: 444 daAuts
 Ossuary: 253 daAuts
     D:7: 178 daAuts
